Map: Terraform LE (Void)

Players

SticklerMac

  • Race: Zerg Zerg
  • League: Silver

Achab - Winner!

  • Race: Protoss Protoss
  • League: Silver

VOD

Have the link to the VOD?

Description

Time

  • Played on: Sept. 19, 2015, 6:07 p.m.
  • Length: 11:37
Show
View Real Time Build Order
Export as new Build Order

SticklerMac Zerg 

Build Orders: Hatch First 

Get SALT Encoding   

  12  0:00  Drone  
  13  0:08  Drone  
  14  0:17  Overlord  
  17  0:35  Drone x3  
  17  0:55  Hatchery  
  16  1:00  Drone  
  16  1:01  Drone  
  18  1:06  Extractor  
  18  1:08  Drone  
  18  1:23  Spawning Pool  
  17  1:27  Drone  
  17  1:31  Drone  
  19  1:44  Drone  
  20  1:51  Overlord  
  20  2:02  Drone  
  21  2:10  Queen x2  
  25  2:20  Drone  
  26  2:23  Metabolic Boost  
  26  2:25  Drone  
  27  2:30  Baneling Nest  
  27  2:34  Drone  
  27  2:36  Drone  
  28  2:41  Drone  
  30  2:44  Drone  
  30  2:58  Drone x3  
  33  3:04  Drone  
  34  3:26  Drone x2  
  36  3:29  Zergling x2  
  36  3:30  Overlord x2  
  36  3:31  Overlord x3  
  36  3:52  Zergling x2  
  36  3:53  Zergling x10  
  42  4:04  Zergling x8  
  42  4:05  Zergling x4  
  42  4:06  Zergling x6  
  50  4:16  Zergling x2  
  51  4:21  Zergling x4  
  53  4:26  Baneling x6  
  53  4:29  Zergling x4  
  55  4:33  Zergling x4  
  55  4:34  Zergling x10  
  54  4:55  Zergling x10  
  55  5:02  Baneling  
  55  5:03  Baneling x9  
  55  5:04  Zergling x2  
  56  5:11  Zergling x2  
  57  5:14  Zergling x2  
  57  5:28  Hatchery  
  51  5:33  Zergling x10  
  51  5:34  Zergling x10  
  58  5:42  Zergling x2  
  56  5:47  Baneling x4  
  56  5:48  Zergling x4  
  52  6:17  Zergling x2  
  52  6:18  Zergling x16  
  53  6:35  Zergling x4  
  53  6:36  Zergling x14  
  62  6:47  Queen  
  62  6:53  Zergling x2  
  62  6:54  Zergling x14  
  72  6:56  Hatchery  
  72  7:00  Zergling x12  
  77  7:08  Zergling x2  
  77  7:09  Zergling x4  
  77  7:13  Baneling x6  
  77  7:14  Baneling x4  
  80  7:16  Zergling x2  
  80  7:28  Zergling x6  
  80  7:29  Zergling x4  
  72  7:55  Zergling x2  
  72  7:56  Zergling x16  
  72  7:57  Zergling x4  
  71  8:10  Zergling x24  
  74  8:19  Zergling x2  
  74  8:20  Zergling x10  
  74  8:22  Overlord x2  
  74  8:26  Queen  
  71  8:48  Zergling x2  
  71  8:49  Zergling x14  
  75  9:06  Zergling x18  
  75  9:07  Lair  
  80  9:12  Zergling x4  
  80  9:13  Drone  
  61  9:36  Baneling  
  60  9:55  Drone x2  
  60  9:56  Drone  
  60  9:57  Drone x5  
  60  9:58  Drone x9  
  60  9:59  Drone x2  
  80  10:00  Drone  
  80  10:02  Extractor  
  79  10:07  Extractor  
  79  10:10  Extractor  
  79  10:11  Extractor  
  79  10:12  Extractor, Zergling x2  
  79  10:13  Drone  
  77  10:18  Drone x2, Extractor x2  
  77  10:24  Drone x2  
  77  10:25  Drone x2  
  81  10:34  Spire  
  80  10:38  Drone x6  
  86  10:43  Drone  
  86  10:44  Drone x2  
  86  10:45  Drone  
  86  11:08  Drone x3  
Show
View Real Time Build Order
Export as new Build Order

Achab Protoss - Winner!

Build Orders:  

Get SALT Encoding   

  12  0:00  Probe (Chrono Boost)  
  13  0:17  Pylon  
  13  0:18  Probe (Chrono Boost)  
  14  0:28  Probe (Chrono Boost)  
  15  0:38  Probe (Chrono Boost)  
  16  0:48  Probe (Chrono Boost)  
  17  0:58  Probe (Chrono Boost)  
  18  1:07  Nexus  
  18  1:16  Forge  
  18  1:24  Probe (Chrono Boost)  
  19  1:30  Gateway  
  19  1:35  Probe (Chrono Boost)  
  20  1:43  Pylon  
  20  1:51  Photon Cannon  
  20  1:58  Probe (Chrono Boost)  
  21  2:05  Assimilator  
  21  2:20  Cybernetics Core  
  21  2:23  Zealot  
  21  2:25  Probe (Chrono Boost)  
  21  2:26  Probe (Chrono Boost)  
  25  2:32  Assimilator  
  25  2:41  Probe (Chrono Boost)  
  26  2:52  Probe x2 (Chrono Boost)  
  26  2:54  Assimilator  
  26  2:55  Assimilator  
  27  3:03  Gateway  
  27  3:08  Sentry  
  27  3:10  Probe x2 (Chrono Boost)  
  31  3:21  Probe (Chrono Boost)  
  31  3:25  Probe (Chrono Boost)  
  33  3:31  Mothership Core (Chrono Boost)  
  35  3:39  Sentry, Warp Gate (Chrono Boost)  
  37  3:42  Probe (Chrono Boost)  
  37  3:47  Photon Cannon  
  38  3:49  Photon Cannon  
  38  3:51  Sentry  
  38  3:53  Probe x2 (Chrono Boost)  
  42  4:02  Probe (Chrono Boost)  
  43  4:14  Probe  
  43  4:16  Sentry  
  46  4:31  Pylon  
  46  4:32  Probe  
  46  4:35  Pylon  
  46  4:47  Probe  
  46  4:50  Sentry  
  49  5:04  Pylon  
  49  5:05  Probe  
  49  5:07  Probe  
  49  5:08  Gateway  
  49  5:49  Gateway  
  49  5:51  Gateway  
  49  5:52  Gateway  
  49  5:54  Sentry  
  49  5:56  Probe, Pylon  
  51  5:59  Probe  
  49  6:19  Sentry x2, Probe  
  49  6:21  Probe  
  55  6:34  Probe  
  55  6:36  Probe  
  57  6:42  Stargate  
  57  6:43  Stargate  
  57  6:47  Pylon  
  57  6:50  Sentry x4  
  57  6:51  Sentry, Probe  
  57  6:53  Probe  
  69  7:03  Probe  
  69  7:05  Probe  
  71  7:20  Pylon  
  71  7:22  Pylon  
  71  7:31  Probe  
  71  7:34  Probe  
  73  7:41  Void Ray x2 (Chrono Boost)  
  73  7:42  Pylon  
  73  7:43  Probe  
  81  7:48  Stargate  
  82  8:12  Sentry  
  82  8:13  Sentry x2  
  88  8:25  Void Ray (Chrono Boost)  
  92  8:40  Pylon  
  92  8:47  Void Ray (Chrono Boost)  
  92  8:49  Void Ray (Chrono Boost)  
  100  9:06  Sentry x2  
  108  9:11  Probe  
  108  9:13  Probe, Void Ray (Chrono Boost)  
  110  9:18  Pylon  
  110  9:20  Forge  
  110  9:35  Void Ray x2 (Chrono Boost)  
  118  9:41  Pylon  
  118  9:58  Photon Cannon  
  118  10:01  Photon Cannon  
  118  10:03  Photon Cannon  
  118  10:04  Photon Cannon  
  118  10:07  Photon Cannon x3  
  118  10:08  Photon Cannon  
  118  10:13  Photon Cannon  
  122  10:14  Void Ray (Chrono Boost)  
  122  10:21  Zealot  
  122  10:22  Zealot  
  122  10:27  Pylon  
  126  10:32  Pylon  
  126  10:37  Void Ray  
  126  10:44  Void Ray  
  126  10:48  Fleet Beacon  
Tags
 
Add a new tag
Caveats
  • Supply blocks, unpowered buildings, or Contaminate may cause inaccurate times.
  • Supply counts are checked every 10 seconds.